AoeStats
← E-d-d-i-e91G

Nomad

509262745Analyzed
2v2 RM · 8d ago on Sep 26, 2026· 55m 24s· 4 players
Game mode
Random Map
Map size
176×176
Population
200
Speed
Normal
Resources
Standard
Victory
Conquest
Starting age
Dark Age
Ending age
Imperial Age
RankedLock teamsTeams togetherTeam positionsShared explorationLock speedFull tech treeHidden civsTurbo modeCheats
Victory
Defeat
🇧🇷 Celts · Brazil
662
+6
🇨🇴 Huns · Colombia
512
+11
🇨🇱 Vikings · Chile
431
-9
🇦🇺 Wu · Australia
390
-8
E-d-d-i-e91G
15:38 Feudal Age
17:02 Wheelbarrow
19:30 Man-at-Arms
19:59 Fishing Lines
22:28 Bloodlines
25:27 Town Watch
27:08 Scale Mail Armor
30:40 Padded Archer Armor
30:32 Fletching
30:49 Scale Barding Armor
32:23 Horse Collar
32:36 Double-Bit Axe
39:12 Castle Age
40:39 Chain Mail Armor
40:42 Leather Archer Armor
40:39 Gillnets
42:47 Hand Cart
43:10 Caravan
44:19 Bow Saw
44:15 Heavy Plow
48:35 Arson
48:52 Squires
48:58 Husbandry
50:17 Gold Mining
52:34 Town Patrol
55:47 Masonry
diegoyanezfigueroa4
18:01 Feudal Age
21:29 Town Watch
21:42 Fishing Lines
22:09 Double-Bit Axe
23:01 Arson
22:37 Man-at-Arms
23:13 Horse Collar
26:53 Forging
27:33 Gold Mining
30:10 Scale Mail Armor
34:49 Fletching
41:36 Castle Age
46:52 Stone Mining
47:37 Gold Shaft Mining
46:47 Elite Skirmisher
48:08 Iron Casting
47:49 Chain Mail Armor
48:56 Pikeman
49:39 Squires
juanestatto
14:44 Feudal Age
16:22 Fishing Lines
17:05 Horse Collar
17:48 Double-Bit Axe
22:56 Man-at-Arms
33:35 Castle Age
34:45 Forging
34:35 Scale Mail Armor
34:36 Padded Archer Armor
34:26 Fletching
37:12 Heavy Plow
37:15 Bodkin Arrow
37:35 Leather Archer Armor
44:28 Chain Mail Armor
46:23 Marauders
46:29 Husbandry
46:39 Bloodlines
45:52 Long Swordsman
46:34 Squires
47:11 Light Cavalry
48:50 Ballistics
48:45 Bow Saw
49:27 Scale Barding Armor
49:31 Thumb Ring
48:47 Crossbowman
55:56 Imperial Age
•SHS - Léo
7:55 Loom
16:13 Feudal Age
16:46 Fishing Lines
17:22 Double-Bit Axe
23:30 Man-at-Arms
25:56 Horse Collar
29:12 Castle Age
32:17 Gold Mining
32:20 Stone Mining
33:03 Scale Barding Armor
35:10 Husbandry
38:25 Imperial Age
39:26 Gold Shaft Mining
39:05 Bow Saw
39:33 Stone Shaft Mining
38:27 Cavalier
39:18 Gillnets
41:39 Scale Mail Armor
41:49 Forging
41:56 Paladin
49:48 Furor Celtica
51:33 Wheelbarrow
50:43 Town Watch
51:42 Iron Casting
54:38 Hand Cart
54:23 Town Patrol
55:24 Chain Barding Armor
55:19 Chain Mail Armor
Connection lost

Rejoining the realm…

Still unreachable

The connection could not be restored.

Session expired

The server has moved on; the page needs a fresh start.